 Dungeon Crawl Stone Soup version 0.26-a0-846-gcc8f1ee719 (webtiles) character file.

Game seed: 8858559933440039442

133503 vortex the Warrior (level 17, -3/162 HPs)
             Began as a Hill Orc Fire Elementalist on Nov 17, 2020.
             Was the Champion of the Shining One.
             Slain by a freezing wraith (8 damage)
             ... on level 2 of the Swamp on Nov 19, 2020.
             The game lasted 02:50:23 (59524 turns).

vortex the Warrior (Hill Orc Fire Elementalist)    Turns: 59524, Time: 02:50:23

Health: -3/162     AC:  7    Str: 13    XL:     17   Next: 15%
Magic:  24/29      EV: 16    Int: 27    God:    the Shining One [******]
Gold:   841        SH:  4    Dex: 11    Spells: 2/33 levels left

rFire    + + .     SeeInvis .   s - +8 war axe "Killer Bee's Curse" {protect, rElec MR+ Int+3}
rCold    + . .     Faith    .   b - +0 buckler
rNeg     + + +     Spirit   .   K - +0 robe of Vunka {*Corrode rF+ MR++ Int+4}
rPois    +         Reflect  .   M - +2 hat {MR+}
rElec    +         Harm     .   n - +0 cloak
rCorr    +         Rampage  .   c - +2 pair of gloves
MR       +++++                  G - +2 pair of boots
Stlth    +.........             (no amulet)
HPRegen  0.37/turn              S - ring of wizardry
MPRegen  0.21/turn              v - +4 ring of evasion

@: mighty, brilliant, resistant, corroded, slowed, glowing, very slow
A: no striking features
a: Divine Shield, Cleansing Flame, Summon Divine Warrior, Brand Weapon With Holy
Wrath, Renounce Religion


You were on level 2 of the Swamp.
You worshipped the Shining One.
The Shining One was exalted by your worship.
You visited 5 branches of the dungeon, and saw 26 of its levels.
You also visited: Sewer, Ossuary and Ice Cave.

You collected 2980 gold pieces.
You spent 2139 gold pieces at shops.

Inventory:

Hand Weapons
 s - the +8 war axe "Killer Bee's Curse" (weapon) {protect, rElec MR+ Int+3}
   (You found it on level 2 of the Lair of Beasts)

   It grants its wielder temporary protection when it strikes (+7 to AC).
   It affects your intelligence (+3).
   It insulates you from electricity.
   It affects your resistance to hostile enchantments.
Missiles
 l - a stone (quivered)
Armour
 b - a +0 buckler (worn)
 c - a +2 pair of gloves (worn)
 n - a +0 cloak (worn)
 G - a +2 pair of boots (worn)
 K - the +0 robe of Vunka (worn) {*Corrode rF+ MR++ Int+4}
   (You found it on level 9 of the Dungeon)

   It affects your intelligence (+4).
   It protects you from fire.
   It affects your resistance to hostile enchantments.
   It may corrode you when you take damage.
 M - a +2 hat of magic resistance (worn)
 P - the +3 swamp dragon scales of the Endless Expanse {rPois rF- MP+9 Str+4 Dex+3}
   (You found it in an ice cave)

   It affects your strength (+4).
   It affects your dexterity (+3).
   It makes you vulnerable to fire.
   It protects you from poison.
   It affects your magic capacity (+9).
Jewellery
 v - a +4 ring of evasion (right hand)
 D - an uncursed ring of flight
 S - a ring of wizardry (left hand)
Wands
 q - a wand of acid (30)
 z - a wand of iceblast (6)
 F - a wand of disintegration (1)
 I - a wand of paralysis (1)
 L - a wand of flame (75)
 Q - a wand of enslavement (1)
 R - a wand of digging (18)
Scrolls
 d - 5 scrolls of remove curse
 e - 5 scrolls of immolation
 g - a scroll of fog
 h - 5 scrolls of enchant weapon
 i - 7 scrolls of identify
 j - 5 scrolls of blinking
 k - 15 scrolls of teleportation
 w - a scroll of fear
 x - 2 scrolls of holy word
 y - 5 scrolls of enchant armour
 J - a scroll of silence
 O - a scroll of brand weapon
Potions
 a - 8 potions of mutation
 m - 3 potions of cancellation
 o - 3 potions of resistance
 p - 4 potions of magic
 r - 6 potions of haste
 t - 11 potions of curing
 u - 7 potions of flight
 A - 3 potions of ambrosia
 C - 4 potions of brilliance
 E - 4 potions of heal wounds
 N - 3 potions of might
 U - a potion of berserk rage
Miscellaneous
 f - a phantom mirror
 B - a tin of tremorstones (2/2)
 H - a lightning rod (4/4)


   Skills:
 * Level 17.4 Fighting
 - Level 1.5 Dodging
 - Level 1.5 Stealth
 - Level 4.0 Shields
 + Level 8.8 Spellcasting
 + Level 11.1 Conjurations
 * Level 12.9 Fire Magic
 * Level 12.1 Earth Magic
 + Level 11.7 Invocations
 + Level 9.3 Evocations


You had 2 spell levels left.
You knew the following spells:

 Your Spells              Type           Power        Failure   Level
a - Foxfire               Conj/Fire      ####         1%          1
c - Sticky Flame          Conj/Fire      #######.     1%          4
f - Fireball              Conj/Fire      #######...   1%          5
g - Ignition              Fire           #######...   50%         8
i - Iron Shot             Conj/Erth      #######...   2%          6
p - Passwall              Tmut/Erth      ######..     1%          2
r - Lee's Rapid Deconstr  Erth           #######...   1%          5

Your spell library contained the following spells:

 Spells                   Type           Power        Failure   Level
 Animate Skeleton         Necr           ###...       1%          1
 Apportation              Tloc           ###...       1%          1
 Pain                     Necr           ###.         1%          1
 Sandblast                Erth           ######       1%          1
 Poisonous Vapours        Pois/Air       ###...       3%          2
 Conjure Flame            Conj/Fire      #######.     1%          3
 Dazzling Flash           Conj/Hex       ######       1%          3
 Inner Flame              Hex/Fire       ######..     1%          3
 Mephitic Cloud           Conj/Pois/Air  #####...     1%          3
 Static Discharge         Conj/Air       ######..     1%          3
 Stone Arrow              Conj/Erth      ######       1%          3
 Petrify                  Tmut/Erth      ######..     1%          4
 Vampiric Draining        Necr           ###.......   6%          3
 Lightning Bolt           Conj/Air       ######....   6%          5
 Animate Dead             Necr           ###.......   19%         4
 Agony                    Necr           ###.....     45%         5
 Freezing Cloud           Conj/Ice/Air   #####.....   52%         6
 Shatter                  Erth           #######...   100%        9
 Tornado                  Air            ###.......   100%        9


Dungeon Overview and Level Annotations

Branches:
Dungeon (15/15)            Temple (1/1) D:7            Lair (6/6) D:9
  Swamp (2/4) Lair:4       Spider (0/4) Lair:3        Slime (0/5) Lair:5
    Orc (2/2) D:9             Elf (0/3) Orc:2        Vaults (0/5) D:14
 Depths (0/5) D:15          Sewer (visited)         Ossuary (visited)
  IceCv (visited)

Altars:
Ashenzari
Cheibriados
Dithmenos
Elyvilon
Fedhas
Gozag
Hepliaklqana
Kikubaaqudgha
Makhleb
Nemelex Xobeh
Okawaru
Qazlal
Ru
Sif Muna
Trog
Uskayaw
Vehumet
Wu Jian
Xom
Yredelemnul
Zin
The Shining One
Beogh
Jiyva
Lugonu

Shops:
D:6 !   D:9 [   D:15 (   Orc:2 ((!*

Annotations:
Lair:6 2 transporters, MrDNA's ghost, journeyman OpBr
Swamp:2 massive badness returning from icecave


Message History

The freezing wraith misses you. The freezing wraith hits you.
Your corrosive artefact corrodes you!
The freezing wraith freezes you! The freezing wraith barely misses you.
The freezing wraith hits you! The freezing wraith freezes you!
The freezing wraith misses you.
The alligator puts on a burst of speed!
The freezing wraith hits you. The freezing wraith freezes you!!
* * * LOW HITPOINT WARNING * * *
You block the freezing wraith's attack. The freezing wraith hits you!
* * * LOW HITPOINT WARNING * * *
The freezing wraith freezes you!!
* * * LOW HITPOINT WARNING * * *
The freezing wraith misses you.
DEBUFFED: mighty,brilliant,corroded,slowed,glowing You feel protected.
The freezing wraith hits you but does no damage.
The freezing wraith barely misses you. You block the freezing wraith's attack.
The freezing wraith barely misses you. The freezing wraith hits you!
* * * LOW HITPOINT WARNING * * *
The freezing wraith freezes you! You resist.
You die...

♣♣.♣[≈♣.. ♣...≈!♣§.
♣♣≈...≈♣♣.
*♣♣♣♣♣♣♣♣≈..t≈..♣♣
**/.......≈≈.≈..≈.♣
**,,######..w≈≈≈♣..♣
*,,##$.# #.D..≈♣♣≈..
*,##Wi.###..≈≈♣♣*♣.♣
**,#@Wt..D't.≈.♣ **♣♣
***≈,##W..###.≈..♣**,,,
**,≈≈,,##..# #....♣*,,,,
*≈,,,,,,*###*#.♣...♣,,*,
**≈,,,≈,,,,,,...≈≈♣♣,,,,
*,,,,*,≈**,,..≈..♣**,,,
**,,≈,,,,,,..≈.§?≈**,,,
***,*,≈,,≈......♣♣**,*
****,*≈≈,,≈,≈,,***,*


You could see 2 alligators, a seven-headed hydra, a spriggan druid and 3
freezing wraiths.

Vanquished Creatures
  An Ice Fiend (IceCv)
  Gastronok (D:12)
  Kirke (D:12)
  A stone giant (Orc:1)
  Nessos (Lair:4)
  An ettin (D:9)
  Josephine (Lair:6)
  2 eleionomae (Swamp:1)
  Erolcha (Orc:2)
  A fire dragon (D:15)
  4 boulder beetles
  Harold (D:7)
  An ice dragon (D:15)
  4 vault guards (D:14)
  12 hydras
  An ogre mage (D:14)
  A centaur warrior (D:15)
  An alligator (Swamp:1)
  7 two-headed ogres
  14 death yaks
  A death knight (D:15)
  6 orc high priests (Orc:2)
  Nergalle (Lair:3)
  Sonja (D:10)
  2 skeletal warriors (D:15)
  3 unseen horrors
  A wolf spider zombie (D:14)
  3 orc knights
  A bog body (Swamp:1)
  5 deep elf magi
  An orc sorcerer (Orc:1)
  17 cyclopes
  4 ugly things
  3 manticores
  4 oklob plants (Lair:2)
  10 elephants
  4 black mambas
  A gargoyle (D:14)
  3 ice statues (IceCv)
  A torpor snail (Lair:5)
  A cane toad (shapeshifter) (D:13)
  33 cane toads
  5 komodo dragons
  A kobold demonologist (D:14)
  2 tengu conjurers
  7 centaur skeletons
  A yaktaur (D:14)
  3 anaconda simulacra (IceCv)
  6 trolls
  10 ice devils (IceCv)
  4 tyrant leeches
  8 hornets
  3 polar bears
  34 blink frogs
  11 dream sheep
  A slime creature (D:15)
  A dire elephant simulacrum (IceCv)
  A vampire (D:14)
  A redback (Lair:3)
  48 yaks
  7 wyverns
  7 wraiths
  3 hogs
  9 basilisks
  A steam dragon (Lair:4)
  19 vampire mosquitoes
  9 wargs
  2 soldier ants
  A swamp worm (Swamp:1)
  3 harpy simulacra (IceCv)
  3 acid dragons
  2 hydra simulacra (IceCv)
  11 water moccasins
  A swamp drake (Swamp:1)
  4 sky beasts
  7 black bears
  15 orc warriors
  An ettin simulacrum (IceCv)
  8 ice beasts
  2 phantoms
  9 ogres
  16 centaurs
  14 wolves
  2 big kobolds
  40 bullfrogs
  2 gnoll sergeants
  10 scorpions
  A hornet simulacrum (D:9)
  10 killer bees
  22 wights
  6 electric eels
  A howler monkey (D:8)
  2 human zombies (Ossuary)
  3 quasits (D:5)
  10 hounds
  3 jellies
  21 orc wizards
  6 centaur zombies
  34 orc priests
  5 iguanas
  12 worker ants
  2 hell rats (D:9)
  A killer bee zombie (D:9)
  A bullfrog simulacrum (D:9)
  A big kobold zombie (Ossuary)
  A hound zombie (D:10)
  3 hound skeletons
  A killer bee simulacrum (D:9)
  3 mummies (Ossuary)
  A worker ant zombie (D:10)
  13 gnolls
  4 scorpion zombies (Ossuary)
  14 adders
  2 river rats
  2 shadow imps
  5 white imps
  2 worker ant simulacra (D:9)
  5 ufetubi
  An ooze (D:2)
  3 worms
  2 dart slugs
  7 leopard geckos
  77 orcs
  9 bats
  8 giant cockroaches
  9 goblins
  10 hobgoblins
  5 jackals
  15 kobolds
  5 quokkas
  2 ball pythons
  5 frilled lizards
  A gnoll zombie (Ossuary)
  A goblin zombie (Ossuary)
  2 hobgoblin zombies (Ossuary)
  A jackal simulacrum (D:9)
  2 leopard gecko skeletons (D:4)
  An orc zombie (Ossuary)
  A quokka zombie (D:4)
  9 rats
891 creatures vanquished.

Vanquished Creatures (collateral kills)
  4 slime creatures (D:15)
  15 foxfires
19 creatures vanquished.

Vanquished Creatures (others)
  A scorpion (Ossuary)
  3437 foxfires
  63 fungi
  131 plants
3632 creatures vanquished.

Grand Total: 4542 creatures vanquished

Notes
Turn   | Place    | Note
-------+----------+-------------------------------------------
     0 | D:1      | vortex the Hill Orc Fire Elementalist began the quest for
                  | the Orb.
     0 | D:1      | Reached XP level 1. HP: 14/14 MP: 3/3
   177 | D:1      | Reached skill level 1 in Fighting
   177 | D:1      | Reached XP level 2. HP: 23/23 MP: 1/4
   511 | D:1      | You fall into a shaft and drop 1 floor!
   517 | D:2      | Reached skill level 1 in Shields
   517 | D:2      | Reached XP level 3. HP: 29/29 MP: 1/5
  1150 | D:2      | Reached skill level 2 in Fighting
  1583 | D:2      | Reached XP level 4. HP: 36/36 MP: 3/6
  1733 | D:2      | Learned a level 4 spell: Sticky Flame
  2207 | D:2      | Reached skill level 3 in Fighting
  2340 | D:3      | Noticed a gnoll sergeant
  2346 | D:3      | Reached XP level 5. HP: 45/45 MP: 2/8
  2499 | D:3      | Found an ancient bone altar of Kikubaaqudgha.
  2746 | D:3      | Found a faded altar of an unknown god.
  3235 | D:3      | Reached XP level 6. HP: 52/52 MP: 3/9
  3652 | D:2      | Reached skill level 4 in Fighting
  4389 | D:3      | Found a sacrificial altar of Ru.
  4713 | D:4      | Found a stormy altar of Qazlal.
  5021 | D:4      | Reached XP level 7. HP: 60/60 MP: 3/10
  5681 | D:4      | Reached skill level 5 in Fighting
  6196 | D:4      | Found a shimmering altar of Xom.
  6320 | D:3      | Found a snail-covered altar of Cheibriados.
  6349 | D:5      | Entered Level 5 of the Dungeon
  6572 | D:5      | Found a glowing drain.
  6583 | D:5      | Identified Sif Muna's Guide on Hurtful Orientation
  6599 | Sewer    | Entered a sewer
  6788 | Sewer    | Found a white marble altar of Elyvilon.
  7086 | D:5      | Reached skill level 5 in Fire Magic
  7249 | D:5      | Reached skill level 6 in Fighting
  7249 | D:5      | Reached XP level 8. HP: 70/70 MP: 5/12
  7652 | D:6      | Found a hide-covered altar of Uskayaw.
  7654 | D:6      | Noticed a +0 dagger
  7654 | D:6      | Noticed a +0 hand axe
  7701 | D:6      | Found a basalt altar of Yredelemnul.
  7823 | D:6      | Found a white marble altar of Elyvilon.
  8118 | D:6      | Found Eskylici's Distillery.
  8121 | D:6      | Bought a potion of resistance for 120 gold pieces
  8121 | D:6      | Bought a potion of mutation for 96 gold pieces
  8121 | D:6      | Bought a potion of degeneration for 12 gold pieces
  8121 | D:6      | Bought a potion of haste for 120 gold pieces
  8335 | D:6      | Learned a level 5 spell: Fireball
  8541 | D:5      | Reached skill level 7 in Fighting
  8930 | D:7      | Found a staircase to the Ecumenical Temple.
  8938 | Temple   | Entered the Ecumenical Temple
  9016 | D:7      | Noticed Harold
  9442 | D:7      | Killed Harold
  9443 | D:7      | Reached skill level 8 in Fighting
  9443 | D:7      | Reached skill level 5 in Conjurations
  9443 | D:7      | Reached XP level 9. HP: 18/82 MP: 0/15
  9787 | D:7      | Noticed a hornet
  9793 | D:7      | Killed a hornet
  9794 | D:7      | Reached skill level 9 in Fighting
 10048 | D:7      | Found a bloodstained altar of Trog.
 10147 | D:7      | Noticed a hornet
 10152 | D:7      | Killed a hornet
 10469 | D:7      | Noticed a hornet
 10480 | D:7      | Killed a hornet
 10553 | D:7      | Found a burning altar of Makhleb.
 10555 | D:7      | Found a glowing golden altar of the Shining One.
 10557 | D:7      | Found a hazy altar of Hepliaklqana.
 10766 | D:8      | Found a sand-covered staircase.
 10772 | Ossuary  | Entered an ossuary
 11065 | Ossuary  | Reached XP level 10. HP: 93/93 MP: 10/17
 11174 | Ossuary  | Reached skill level 10 in Fighting
 11974 | D:7      | Became a worshipper of the Shining One
 12071 | D:8      | Reached skill level 5 in Spellcasting
 12232 | D:8      | Learned a level 6 spell: Iron Shot
 12376 | D:8      | Found an ornate altar of the Wu Jian Council.
 12404 | D:8      | Reached skill level 1 in Invocations
 12714 | D:8      | Reached skill level 1 in Earth Magic
 13079 | D:8      | Reached * piety under the Shining One
 13080 | D:8      | Reached skill level 1 in Evocations
 13309 | D:9      | Noticed a two-headed ogre
 13322 | D:8      | Killed a two-headed ogre
 13323 | D:8      | Reached skill level 11 in Fighting
 13382 | D:9      | Noticed a two-headed ogre
 13389 | D:9      | Killed a two-headed ogre
 13508 | D:9      | Got a distressingly furry robe
 13519 | D:9      | Identified the cursed +0 robe of Vunka {*Corrode rF+ MR++
                  | Int+4} (You found it on level 9 of the Dungeon)
 13613 | D:9      | Reached XP level 11. HP: 102/102 MP: 2/19
 13769 | D:9      | Noticed a death yak
 13770 | D:9      | Noticed a two-headed ogre
 13771 | D:9      | Found a staircase to the Lair.
 13778 | D:9      | Noticed a death yak
 13794 | D:9      | Killed a death yak
 13813 | D:8      | Killed a two-headed ogre
 14222 | D:9      | Reached ** piety under the Shining One
 14596 | D:9      | Found a staircase to the Orcish Mines.
 15319 | D:9      | Reached skill level 12 in Fighting
 15439 | D:9      | Noticed a death yak
 15772 | D:8      | Killed a death yak
 15796 | D:7      | Killed a death yak
 16266 | D:9      | Found Emuisoy's Antique Armour Emporium.
 16275 | D:9      | Bought a pair of embroidered boots for 120 gold pieces
 16280 | D:9      | Bought a smoking ring mail for 144 gold pieces
 16290 | D:9      | Identified the cursed +1 ring mail "Ruthrot" {Stlth+} (You
                  | bought it in a shop on level 9 of the Dungeon)
 16487 | D:9      | Reached skill level 5 in Invocations
 17246 | D:10     | Entered Level 10 of the Dungeon
 17923 | D:9      | Reached XP level 12. HP: 54/113 MP: 8/21
 18145 | D:10     | Noticed Sonja
 18149 | D:10     | Killed Sonja
 18386 | D:10     | Reached *** piety under the Shining One
 19015 | D:11     | Noticed a boulder beetle
 19040 | D:11     | Killed a boulder beetle
 19852 | D:11     | Reached skill level 5 in Earth Magic
 20134 | D:11     | Reached skill level 13 in Fighting
 20954 | D:12     | Noticed a six-headed hydra
 20961 | D:12     | Killed a six-headed hydra
 21545 | D:12     | Found a corrupted altar of Lugonu.
 21806 | D:12     | Noticed Gastronok
 21820 | D:12     | Killed Gastronok
 21821 | D:12     | Reached skill level 5 in Evocations
 21916 | D:12     | Learned a level 5 spell: Lee's Rapid Deconstruction
 21919 | D:12     | Learned a level 2 spell: Passwall
 22376 | D:12     | Reached XP level 13. HP: 117/122 MP: 17/22
 22739 | Lair:1   | Entered Level 1 of the Lair of Beasts
 23130 | Lair:1   | You fall into a shaft and drop 1 floor!
 23168 | Lair:1   | Reached **** piety under the Shining One
 23953 | Lair:1   | Reached skill level 10 in Fire Magic
 24236 | Lair:1   | Reached skill level 14 in Fighting
 24857 | Lair:2   | Got a faintly glowing war axe
 24858 | Lair:2   | Identified the +8 war axe "Killer Bee's Curse" {protect,
                  | rElec MR+ Int+3} (You found it on level 2 of the Lair of
                  | Beasts)
 27937 | Lair:3   | Found a hole to the Spider Nest.
 28713 | Lair:4   | Noticed Nergalle
 28728 | Lair:3   | Killed Nergalle
 28849 | Lair:4   | Noticed Nessos
 30078 | Lair:4   | Reached XP level 14. HP: 121/133 MP: 15/24
 30598 | Lair:4   | Killed Nessos
 32550 | Lair:4   | Reached skill level 15 in Fighting
 33995 | Lair:4   | Found a staircase to the Swamp.
 34406 | Lair:5   | Found a viscous altar of Jiyva.
 34407 | Lair:5   | Found a staircase to the Slime Pits.
 36480 | Lair:6   | Entered Level 6 of the Lair of Beasts
 36480 | Lair:6   | Found a transporter.
 37214 | Lair:6   | Reached XP level 15. HP: 115/141 MP: 4/26
 37484 | Lair:6   | Reached ***** piety under the Shining One
 37721 | Lair:6   | Reached skill level 10 in Conjurations
 37825 | Lair:6   | Reached skill level 10 in Earth Magic
 38076 | Lair:6   | Noticed Josephine
 38086 | Lair:6   | Killed Josephine
 38551 | Lair:6   | Reached skill level 10 in Invocations
 39383 | Lair:6   | Found a transporter.
 39488 | Lair:6   | Noticed MrDNA's ghost (journeyman OpBr)
 39516 | Lair:6   | Reached skill level 16 in Fighting
 40186 | Lair:6   | Got a transparent triple sword
 40187 | Lair:6   | Identified the +10 triple sword "Xekhes" {protect, rN+
                  | Int+3} (You found it on level 6 of the Lair of Beasts)
 41701 | Orc:1    | Entered Level 1 of the Orcish Mines
 41812 | D:6      | Bought a potion of haste for 120 gold pieces
 41812 | D:6      | Bought a potion of curing for 36 gold pieces
 41812 | D:6      | Bought a potion of cancellation for 96 gold pieces
 43312 | Orc:1    | Found a roughly hewn altar of Beogh.
 45115 | Orc:1    | Found the +12 Vampire's Tooth {vamp}
 45137 | Orc:1    | Got a blackened flail
 45138 | Orc:1    | Identified the +6 flail "Pudazas" {freeze, rPois rF++ rN+
                  | MR+ Int-3} (You found it on level 1 of the Orcish Mines)
 45232 | Orc:2    | Entered Level 2 of the Orcish Mines
 45325 | Orc:2    | Noticed Erolcha
 45328 | Orc:2    | Killed Erolcha
 45629 | Orc:2    | Reached XP level 16. HP: 152/152 MP: 16/28
 45861 | Orc:2    | Found a staircase to the Elven Halls.
 46276 | Orc:2    | Reached ****** piety under the Shining One
 47025 | Orc:2    | Found a roughly hewn altar of Beogh.
 47076 | Orc:2    | Found Tieck's Assorted Antiques.
 47076 | Orc:2    | Found Cismoic's Distillery.
 47087 | Orc:2    | Bought a hardcover book for 450 gold pieces
 47096 | Orc:2    | Learned a level 8 spell: Ignition
 47096 | Orc:2    | Bought a scroll of blinking for 225 gold pieces
 47096 | Orc:2    | Bought a knobbly onyx ring for 150 gold pieces
 47101 | Orc:2    | Bought a scroll of identify for 60 gold pieces
 47222 | Orc:2    | Bought a potion of berserk rage for 65 gold pieces
 47222 | Orc:2    | Bought a potion of haste for 130 gold pieces
 47222 | Orc:2    | Bought a potion of curing for 39 gold pieces
 47222 | Orc:2    | Bought a potion of might for 52 gold pieces
 47222 | Orc:2    | Bought a potion of brilliance for 52 gold pieces
 47222 | Orc:2    | Bought a potion of might for 52 gold pieces
 47257 | Orc:2    | Found Fecicaw's Antique Weapon Emporium.
 47257 | Orc:2    | Found Pufil's Weapon Boutique.
 48667 | D:13     | Noticed Kirke
 48807 | D:12     | Killed Kirke
 52413 | D:14     | Found a gate to the Vaults.
 52498 | D:15     | Entered Level 15 of the Dungeon
 52503 | D:15     | Reached skill level 17 in Fighting
 53452 | D:15     | Found Xiuffes's Antique Weapon Boutique.
 56062 | D:15     | Found a staircase to the Depths.
 56208 | D:15     | Upgraded the game from 0.26-a0-835-g8259106e14 to
                  | 0.26-a0-846-gcc8f1ee719
 56511 | Swamp:1  | Entered Level 1 of the Swamp
 57136 | Swamp:1  | You fall into a shaft and drop 1 floor!
 57165 | Swamp:2  | Found a frozen archway.
 57176 | IceCv    | Entered an ice cave
 57600 | IceCv    | Reached XP level 17. HP: 161/161 MP: 21/29
 58916 | IceCv    | Noticed an Ice Fiend
 58923 | IceCv    | Killed an Ice Fiend
 59338 | IceCv    | Got polished swamp dragon scales
 59339 | IceCv    | Identified the +3 swamp dragon scales of the Endless
                  | Expanse {rPois rF- MP+9 Str+4 Dex+3} (You found it in an
                  | ice cave)
 59524 | Swamp:2  | HP: 5/162 [freezing wraith (14)]
 59524 | Swamp:2  | Slain by a freezing wraith

Illustrated notes

Levels and vault maps discovered:
D:1:      scummos_arrival_hexagon, layout_rooms, minmay_pentomino_s2
D:2:      layout_loops_corners, wander_ebering_terrifying_dragon_lair
D:3:      layout_rooms, nicolae_overflow_hidden_temple,
          lemuel_coloured_pillars_altar, kiku_gazebo_garden_becter,
          chequers_ecumenical_altar_simple
D:4:      layout_loops_ring, marbit_many_paths, chequers_serial_rivers_room_a,
          nicolae_qazlal_general_emergency
D:5:      cheibrodos_quashed, layout_loops_ring, gup_sewer_entry_glass
D:6:      layout_loops_cross, kennysheep_ying_yang, dancing_weapons_uskayaw,
          serial_shops, kennysheep_mini_moat
D:7:      layout_rooms, lemuel_doored_altar,
          chequers_temple_overflow_statue_of_worship, minmay_temple_entry_ruins,
          uniq_harold
D:8:      layout_gridville, old_standard_altar, enter_ossuary_1
D:9:      minmay_flawed_box, layout_long_grid, dpeg_lair_monsters, david_orc_3,
          serial_shops, shop, serial_ice, serial_ice_k, serial_ice_f,
          serial_ice_g, serial_ice_n, kennysheep_dice
D:10:     layout_long_grid, uniq_sonja
D:11:     layout_roguey, serial_glass, glass_columns_c, glass_columns_b
D:12:     layout_layer_cave, minmay_misc_feat_rugged, small_statue_alley_a,
          eino_tiny_chamber, tgw_lugonu_bribe, uniq_gastronok
D:13:     layout_cave_pods, minmay_misc_feat_roman, uniq_kirke
D:14:     layout_long_grid, grunt_vaults_entry_fortified,
          minmay_misc_feat_encased
D:15:     grunt_enter_depths_hoard, layout_loops_ring, serial_shops, shop,
          serial_park_square3 [serial_park_minivault_5x5_5]
Temple:   zaba_magenta_temple
Lair:1:   layout_roguey
Lair:2:   layout_cave_pods, minmay_lair_oklob_chamber, infiniplex_staircase_pool
Lair:3:   layout_loops_ring, spider_nest_entry_webs,
          chequers_serial_rivers_small_3, grunt_megastairs_3,
          serial_bayou_shore_a
Lair:4:   layout_gridlike, minmay_swamp_entry_swarm, serial_bayou_pond_d,
          lemuel_fruit_tree, serial_bayou_shore_b, uniq_nessos, uniq_nergalle
Lair:5:   layout_cave_pods, slime_altar_1, st_stairs_12, grunt_megastairs_4,
          lemuel_fruit_fields
Lair:6:   minmay_lair_end_frog_pond, layout_cave_pods,
          gammafunk_ghost_berserking_beasts, uniq_josephine
Swamp:1:  gammafunk_worm_tunnel, layout_falls_marsh,
          evilmike_swamp_ruin_house_5, swamp_pool1,
          nicolae_swamp_orc_logging_accident
Swamp:2:  nicolae_swamp_phyte_club, layout_basic_swamp,
          portal_ice_cave_entry_frozen_things, evilmike_swamp_ruin_wall
Orc:1:    giant_chief_lemuel, layout_diamond_mine, basic_altar
Orc:2:    st_orc_town, layout_diamond_mine, uniq_erolcha

Skill      XL: |  1  2  3  4  5  6  7  8  9 10 11 12 13 14 15 16 |
---------------+-------------------------------------------------+-----
Fighting       | 1 2 3 4 6 8 9 11 12 13 14 15 16 17 | 17.4
Shields        | 1 2 3 4 |  4.0
Spellcasting   | 2 3 4 5 6 7 8 |  8.8
Conjurations   | 2 3 5 6 7 8 9 10 11 | 11.1
Fire Magic     | 4 5 6 7 8 9 10 11 12 | 12.9
Invocations    | 3 5 6 8 9 10 11 | 11.7
Earth Magic    | 2 4 6 8 9 11 12 | 12.1
Evocations     | 2 3 5 6 7 8 9 |  9.3
Dodging        | |  1.5
Stealth        | |  1.5

Action                   |  1- 3 |  4- 6 |  7- 9 | 10-12 | 13-15 | 16-18 || total
-------------------------+-------+-------+-------+-------+-------+-------++-------
Melee: Mace              |    11 |    23 |       |       |       |       ||    34
       Flail             |       |    13 |    43 |       |       |       ||    56
       War axe           |       |       |    17 |    58 |   246 |    68 ||   389
       Whip              |       |       |     4 |       |       |       ||     4
Throw: Stone             |       |       |       |       |       |     1 ||     1
 Cast: Foxfire           |    64 |   177 |   306 |   616 |   584 |   242 ||  1989
       Sticky Flame      |       |       |     6 |   100 |   266 |    76 ||   448
       Fireball          |       |       |       |       |   103 |   191 ||   294
       Iron Shot         |       |       |       |       |       |    27 ||    27
       Lee's Rapid Decon |       |       |       |       |       |    22 ||    22
Invok: Divine Shield     |       |       |       |       |     1 |       ||     1
       Cleansing Flame   |       |       |       |       |     1 |     1 ||     2
       Summon Divine War |       |       |       |       |       |     1 ||     1
 Abil: Evoke Flight      |       |       |       |     1 |     1 |       ||     2
Evoke: Wand              |       |       |       |     2 |     5 |     8 ||    15
       Lightning rod     |       |       |       |     3 |     6 |     3 ||    12
  Use: Scroll            |       |    11 |     5 |    11 |    14 |     5 ||    46
       Potion            |       |     5 |     2 |       |     1 |     4 ||    12
 Stab: Sleeping          |       |       |     1 |       |       |       ||     1
Armor: Robe              |     2 |    31 |    26 |    33 |   161 |    92 ||   345
       Leather armour    |       |       |     6 |    10 |       |       ||    16
Dodge: Dodged            |    15 |    67 |    79 |   157 |   547 |   242 ||  1107
Block: Buckler           |       |    12 |    23 |    43 |   142 |    60 ||   280

Table legend: (Time is in decaauts)
 A = Elapsed time spent in this place.
 B = Non-inter-level travel time spent in this place.
 C = Inter-level travel time spent in this place.
 D = Time resting spent in this place.
 E = Time spent auto-exploring this place.
 F = Levels seen in this place.
 G = Mean time per level.
                   A        B        C        D        E       F      G
               +--------+--------+--------+--------+--------+-----+--------+
         Total |  59987 |  55589 |   4398 |   6497 |  42565 |  29 | 2068.5 |
       Dungeon |  31522 |  28803 |   2719 |   2818 |  22697 |  15 | 2101.5 |
        Temple |     76 |     58 |     18 |      0 |     57 |   1 |   76.0 |
          Lair |  19569 |  18394 |   1175 |   3120 |  13277 |   6 | 3261.5 |
         Swamp |    427 |    401 |     26 |      0 |    330 |   2 |  213.5 |
  Orcish Mines |   4569 |   4109 |    460 |    291 |   3325 |   2 | 2284.5 |
         Sewer |    349 |    349 |      0 |      0 |    241 |   1 |  349.0 |
       Ossuary |   1129 |   1129 |      0 |      0 |    925 |   1 | 1129.0 |
      Ice Cave |   2342 |   2342 |      0 |    268 |   1711 |   1 | 2342.0 |
               +--------+--------+--------+--------+--------+-----+--------+

Top non-repeatable levels by time:
  Lair:3: 4541 daAuts
     D:9: 4513 daAuts
  Lair:5: 3898 daAuts
    D:14: 3717 daAuts
  Lair:2: 3113 daAuts
  Lair:4: 3065 daAuts
  Lair:6: 2786 daAuts
   Orc:1: 2649 daAuts
    D:13: 2627 daAuts
     D:2: 2550 daAuts
   IceCv: 2342 daAuts
     D:7: 2252 daAuts
  Lair:1: 2165 daAuts
    D:12: 2162 daAuts
    D:15: 2013 daAuts
